 Dungeon Crawl Stone Soup version 0.29.1-14-g9c671dbff4 (webtiles) character file.

Game seed: 16244063467265541264

1761 bnorton916 the Thaumaturge (level 8, -3/41 HPs)
             Began as a Deep Elf Fire Elementalist on Feb 20, 2023.
             Was an Initiate of Gozag.
             Shot with a sling bullet by Joseph (4 damage)
             ... on level 7 of the Dungeon.
             The game lasted 00:15:51 (10198 turns).

bnorton916 the Thaumaturge (DEFE)                  Turns: 10198, Time: 00:15:51

Health: -3/41      AC:  9    Str:  5    XL:     8   Next: 79%
Magic:  22/22      EV: 21    Int: 23    God:    Gozag
Gold:   364        SH:  0    Dex: 15    Spells: 13/23 levels left

rFire   + + .      SeeInvis .   (weapon currently unavailable)
rCold   + + .      Faith    .   (shield currently unavailable)
rNeg    + + +      Spirit   .   (body armour currently unavailable)
rPois   ∞          Reflect  .   (helmet currently unavailable)
rElec   +          Harm     .   (cloak currently unavailable)
rCorr   +          Rampage  .   (gloves currently unavailable)
Will    .....                   (boots currently unavailable)
Stlth   ++........              (amulet currently unavailable)
HPRegen 0.13/turn               (ring currently unavailable)
MPRegen 0.18/turn               (ring currently unavailable)

@: wisp-form, flying
A: insubstantial, flying, no casting, tiny
a: Renounce Religion, Potion Petition, Call Merchant, Bribe Branch


You were on level 7 of the Dungeon.
You worshipped Gozag.
Gozag was aware of your devotion.
You were an insubstantial wisp.
You visited 2 branches of the dungeon, and saw 9 of its levels.

You collected 664 gold pieces.
You spent 257 gold pieces at shops.
You paid 43 gold pieces to Gozag.

Inventory:

Hand Weapons
 c - a +0 dagger of speed
 p - a +0 dagger of protection
 q - a +1 vampiric dagger
 u - a +1 spear of freezing
 E - a +2 trident of flaming
 I - the +3 woodcutter's axe (melded) {vorpal}
   (You found it on level 7 of the Dungeon)

   It inflicts extra damage upon your enemies.
Missiles
 d - 20 poisoned darts
 e - 5 curare-tipped darts
 B - 2 boomerangs
Armour
 a - a +0 robe (melded)
 r - a +0 helmet (melded)
 s - a +0 cloak (melded)
 t - a +2 pair of gloves (melded)
Jewellery
 i - an amulet of the acrobat (melded)
 w - a +4 ring of evasion (melded)
Wands
 H - a wand of iceblast (6)
Scrolls
 f - a scroll of magic mapping
 g - a scroll of brand weapon
 j - 2 scrolls of enchant weapon
 m - 2 scrolls of immolation
 v - a scroll of poison {unknown}
 x - 4 scrolls of butterflies
 y - a scroll of blinking
 z - a scroll of amnesia {unknown}
 A - 4 scrolls of teleportation
 G - a scroll of enchant armour
Potions
 b - a potion of magic
 h - a potion of lignification
 k - 2 potions of flight
 l - 7 potions of curing
 n - a potion of brilliance
 o - a potion of heal wounds
 C - a potion of haste
 D - a potion of resistance


   Skills:
 + Level 2.4 Armour
 + Level 4.5 Dodging
 - Level 2.4 Stealth
 - Level 8.3 Spellcasting
 - Level 6.5 Conjurations
 - Level 7.3 Fire Magic


You had 13 spell levels left.
You knew the following spells:

 Your Spells              Type           Power      Damage    Failure   Level
a - Foxfire               Conj/Fire      100%       2x1d9     1%          1
b - Scorch                Fire           86%        2d9       1%          2
c - Conjure Flame         Conj/Fire      41%        6-21      1%          3
d - Flame Wave            Conj/Fire      41%        2d11      3%          4

Your spell library contained the following spells:

 Spells                   Type           Power      Damage    Failure   Level
 Inner Flame              Hex/Fire       26%        N/A       4%          3


Dungeon Overview and Level Annotations

Branches:
Dungeon (8/15)             Temple (1/1) D:4
   Lair: D:8-11

Altars:
Ashenzari
Elyvilon
Fedhas
Gozag
Hepliaklqana
Kikubaaqudgha
Makhleb
Nemelex Xobeh
Okawaru
Qazlal
Ru
Sif Muna
Vehumet
Xom
Yredelemnul
Zin
The Shining One

Shops:
D:3 *   D:4 !

Annotations:
D:7 2 runed translucent doors, Joseph


Message History

The foxfire hits the orc warrior.
The orc warrior is lightly wounded.
Casting: Foxfire (safe; 1% risk of failure)
Confirm with . or Enter, or press ? or * to list all spells.
You conjure some foxfire!
The foxfire hits the orc warrior.
The orc warrior is moderately wounded.
An orc comes into view. It is wielding a +0 falchion.
The foxfire hits the orc warrior!
The orc warrior is heavily wounded.
The orc warrior is distracted by your dazzling golden aura.
The orc warrior shouts!
You hear a shout!
The foxfire hits the orc warrior but does no damage.
The orc warrior is heavily wounded.
The orc warrior is no longer distracted by gold.
Joseph shouts!
Joseph unwields a +0 quarterstaff.
Joseph wields a +0 sling.
Joseph shoots a sling bullet.
The sling bullet completely misses you.
Joseph shoots a sling bullet.
The sling bullet hits you!
Joseph zaps a wand.
You turn into an insubstantial wisp.
The +3 woodcutter's axe {vorpal} melds into your body.
Your +0 cloak melds into your body.
Your +0 helmet melds into your body.
Your +2 pair of gloves melds into your body.
Your +0 robe melds into your body.
Your +4 ring of evasion melds into your body.
Your amulet of the acrobat melds into your body.
Joseph shoots a sling bullet.
The sling bullet completely misses you.
The orc is distracted by your dazzling golden aura.
Joseph shoots a sling bullet.
The sling bullet hits you.
You hear a shout!
Joseph shoots a sling bullet.
The sling bullet misses you.
Joseph shoots a sling bullet.
The sling bullet hits you!
Joseph shoots a sling bullet.
The sling bullet hits you!
* * * LOW HITPOINT WARNING * * *
You hear a shout!
Joseph shoots a sling bullet.
The sling bullet hits you.
* * * LOW HITPOINT WARNING * * *
Joseph shoots a sling bullet.
The sling bullet hits you.
You die...
Your body crumbles into a pile of gold.

............# #.......# ***,*
....######..# #.......# *,,,*
....#⌠,,,##.# ####.#### *,***
.8+8#,,_,,#.######.# *,*
.#.#####*,#).......# *,*****
.#..+..,,,#....##### *,**,,,
.#..+..,,,#.......# *,**+**
.#.#####*,#..#.##.####### *,*8,8*
.8+8#,,_,,#.....v.....>.#****8,8*
....#⌠,,,##.##.....######,*,*8,8*
....######.....##>.## **,,+,,,+
....................# *,,,**8**
#######....######...# **+*******
#...@## #...# *,,*,,,,,, ##...#
#...#***,,*,⌠,,,⌠ ** ##.######
#.....,*,,*,,⌠,,, ,*
#o.....###...###**,+,,,⌠,,


You could see Joseph.

Vanquished Creatures
  A yak (D:7)
  Eustachio (D:6)
  A water moccasin (D:7)
  An ice beast (D:6)
  An ogre (D:5)
  2 sky beasts (D:6)
  4 necrophages
  A scorpion (D:6)
  4 hounds
  A gnoll bouda (D:5)
  A jelly (D:6)
  2 orc priests
  5 iguanas
  4 orc wizards
  Robin (D:3)
  8 gnolls
  3 adders
  A shadow imp (D:6)
  An ufetubus (D:4)
  2 worms
  3 dart slugs
  16 orcs
  5 ball pythons
  3 endoplasms
  3 giant cockroaches
  14 goblins
  6 hobgoblins
  3 jackals (D:3)
  9 kobolds
  3 quokkas
  A bat (D:1)
  2 frilled lizards (D:1)
  4 rats
117 creatures vanquished.

Vanquished Creatures (collateral kills)
  A foxfire (D:2)
1 creature vanquished.

Vanquished Creatures (others)
  448 foxfires
  A plant (D:2)
449 creatures vanquished.

Grand Total: 567 creatures vanquished

Notes
Turn   | Place    | Note
-------+----------+-------------------------------------------
     0 | D:1      | bnorton916 the Deep Elf Fire Elementalist began the quest
                  | for the Orb.
     0 | D:1      | Reached XP level 1. HP: 10/10 MP: 6/6
   407 | D:1      | Reached XP level 2. HP: 15/15 MP: 2/8
  1773 | D:2      | Reached XP level 3. HP: 19/19 MP: 5/10
  1776 | D:2      | Learned a level 2 spell: Scorch
  2807 | D:3      | Reached skill level 4 in Spellcasting
  2807 | D:3      | Reached XP level 4. HP: 15/24 MP: 6/12
  2947 | D:3      | Noticed Robin
  2967 | D:3      | Killed Robin
  3338 | D:3      | Found a faded altar of an unknown god.
  3941 | D:3      | Learned a level 3 spell: Conjure Flame
  3949 | D:3      | Found Afeoc's General Store.
  4300 | D:3      | Reached XP level 5. HP: 28/28 MP: 9/14
  4943 | D:4      | Reached skill level 5 in Spellcasting
  5005 | D:4      | Found Soulot's Distillery.
  5176 | D:4      | Found a staircase to the Ecumenical Temple.
  5227 | Temple   | Entered the Ecumenical Temple
  5524 | Temple   | Became a worshipper of Gozag Ym Sagoz the Greedy
  5774 | D:4      | Bought a potion of curing for 36 gold pieces
  5828 | D:3      | Bought a scroll of blinking for 75 gold pieces
  5906 | D:5      | Entered Level 5 of the Dungeon
  5925 | D:5      | Noticed an ogre
  5935 | D:5      | Killed an ogre
  5936 | D:5      | Reached skill level 5 in Fire Magic
  5936 | D:5      | Reached XP level 6. HP: 32/32 MP: 8/16
  6250 | D:5      | Reached skill level 6 in Spellcasting
  6551 | D:4      | Learned a level 4 spell: Flame Wave
  6672 | D:5      | Reached XP level 7. HP: 36/36 MP: 10/18
  7292 | D:5      | Reached skill level 5 in Conjurations
  7491 | D:3      | Bought 3 scrolls of teleportation for 90 gold pieces
  7491 | D:3      | Bought a scroll of identify for 20 gold pieces
  7547 | D:4      | Bought a potion of lignification for 36 gold pieces
  7648 | D:6      | Reached skill level 7 in Spellcasting
  8078 | D:6      | Noticed Eustachio
  8097 | D:6      | Killed Eustachio
  8098 | D:6      | Reached XP level 8. HP: 41/41 MP: 1/21
  8637 | D:6      | Reached skill level 8 in Spellcasting
  9472 | D:6      | Reached skill level 1 in Armour
  9960 | D:7      | Found the +3 woodcutter's axe {vorpal}
  9975 | D:7      | Noticed Joseph
 10089 | D:7      | Found a large runed translucent door.
 10090 | D:7      | Found a large runed translucent door.
 10196 | D:7      | HP: 2/41 [Joseph/sling bullet (13)]
 10198 | D:7      | Shot with a sling bullet by Joseph

Illustrated notes

Levels and vault maps discovered:
D:1:      matt_arrival_los_fun, layout_basic
D:2:      layout_loops_cross, serial_rivers, chequers_serial_rivers_large_a,
          chequers_serial_rivers_micro_e, chequers_serial_rivers_small_3,
          chequers_serial_rivers_small_b, serial_bayou_ford_a,
          minmay_misc_feat_x
D:3:      layout_basic, serial_shops, nicolae_shop_advertising_works
          [nicolae_subvault_shop_adworks], ebering_ecumenical_altar_abandoned,
          uniq_robin
D:4:      layout_basic, minmay_temple_entry_drinking_statues, serial_shops,
          shop_fountains
D:5:      layout_cave_pods
D:6:      layout_loops_ring, uniq_eustachio
D:7:      minmay_chambers_of_sevens, layout_loops_cross,
          nicolae_uskayaw_murder_on_the_dancefloor, jmf_multi_god_temple2,
          uniq_joseph
D:8:      layout_basic
Temple:   minmay_temple_bridge_d

Skill      XL: |  1  2  3  4  5  6  7  8 |
---------------+-------------------------+-----
Conjurations   | 2 3 4 6 |  6.5
Spellcasting   | 4 5 6 7 8 |  8.3
Fire Magic     | 4 5 6 7 |  7.3
Armour         | 2 |  2.4
Dodging        | 4 |  4.5
Stealth        | |  2.4

Action                   |  1- 3 |  4- 6 |  7- 9 || total
-------------------------+-------+-------+-------++-------
Melee: Dagger            |       |     7 |       ||     7
 Cast: Foxfire           |    92 |   103 |    76 ||   271
       Scorch            |     7 |    19 |    32 ||    58
       Flame Wave        |       |       |     2 ||     2
       Conjure Flame     |       |       |     2 ||     2
Evoke: Wand              |       |       |     1 ||     1
  Use: Potion            |     1 |       |       ||     1
       Scroll            |       |     5 |     6 ||    11
Armor: Robe              |     1 |     8 |     8 ||    17
Dodge: Dodged            |    19 |    37 |    53 ||   109
